 Dungeon Crawl Stone Soup version 0.20-a0-2-g2b0e13a (webtiles) character file.

364 motku112 the Conjurer (level 6, -4/45 HPs)
             Began as a Draconian Conjurer on Oct 28, 2016.
             Killed by divine providence
             ... invoked by an orc priest
              (16 damage)
             ... on level 4 of the Dungeon.
             The game lasted 00:11:12 (4342 turns).

motku112 the Conjurer (Draconian Conjurer)          Turns: 4342, Time: 00:11:12

Health: -4/45      AC:  6    Str: 10    XL:     6   Next: 39%
Magic:  0/12       EV: 12    Int: 17    God:
Gold:   161        SH:  0    Dex: 12    Spells: 2 memorised, 10 levels left

rFire  . . .     SeeInvis .     j - +0 short sword
rCold  . . .     Gourm    .     (armour unavailable)
rNeg   . . .     Faith    .     (no shield)
rPois  .         Spirit   .     (helmet restricted)
rElec  .         Reflect  .     (no cloak)
rCorr  .         Harm     .     (no gloves)
MR     .....                    (no boots)
Stlth  ++........               r - amulet of regeneration
                                (no ring)
                                h - ring of flight

@: no status effects
A: unfitting armour, cold-blooded, AC +6
a: Evoke Flight


You were on level 4 of the Dungeon.
You were not hungry.

You visited 1 branch of the dungeon, and saw 4 of its levels.

You collected 161 gold pieces.

Inventory:

Hand Weapons
 d - a +0 short sword
 j - a +0 short sword (weapon)
 s - a +2 whip of freezing
Jewellery
 h - a ring of flight (left hand)
 r - an amulet of regeneration (around neck)
Wands
 x - a wand of random effects (14/48)
Scrolls
 c - a scroll of fear {unknown}
 e - a scroll of immolation {unknown}
 f - 3 scrolls of identify {unknown}
 m - a scroll of enchant armour {unknown}
 o - a scroll of random uselessness {unknown}
 p - a scroll of recharging {unknown}
 q - 2 scrolls of teleportation {unknown}
 t - a scroll of remove curse {unknown}
Potions
 g - a potion of mutation {unknown}
 i - a potion of curing
 k - a potion of agility {unknown}
 l - a potion of cancellation {unknown}
 u - a potion of heal wounds {unknown}
 v - a potion of lignification {unknown}
Books
 a - a book of Conjurations

   Spells                             Type                      Level
   a - Magic Dart                     Conjuration                  1
   b - Searing Ray                    Conjuration                  2
   c - Dazzling Spray                 Conjuration/Hexes            3
   d - Fulminant Prism                Conjuration/Hexes            4
   e - Iskenderun's Mystic Blast      Conjuration                  4
   f - Iskenderun's Battlesphere      Conjuration/Charms           5
Comestibles
 b - a bread ration
 n - 4 chunks of flesh
 w - a slice of pizza


   Skills:
 - Level 1.7 Dodging
 - Level 1.7 Stealth
 + Level 4.0 Spellcasting
 * Level 6.6 Conjurations


You had 10 spell levels left.
You knew the following spells:

 Your Spells              Type           Power        Failure   Level  Hunger
a - Searing Ray           Conj           ####..       1%          2    ##.....
f - Magic Dart            Conj           ####         1%          1    None


Dungeon Overview and Level Annotations

Branches:
Dungeon (4/15)
 Temple: D:4-7

Altars:
Fedhas

Annotations:
D:3 exclusion: 3 downstairs
D:4 Duvessa


Innate Abilities, Weirdness & Mutations

Your plain brown scales are hard. (AC +6)
You cannot fit into any form of body armour.
You are cold-blooded and may be slowed by cold attacks.


Message History

Your tail-slap misses the orc priest.
The orc priest is almost dead.
The orc priest mumbles some strange prayers to Beogh against you.
Pain shoots through your body!
You barely miss the orc priest.
Your tail-slap misses the orc priest.
The orc priest is almost dead.
The orc priest looks encouraged for a moment.
The orc priest invokes the aid of Beogh against you.
Pain shoots through your body!
* * * LOW HITPOINT WARNING * * *
Casting: Searing Ray
Confirm with . or Enter, or press ? or * to list all spells.
Aiming: Magic Dart
Press: ? - help, Shift-Dir - straight line, f/p - orc priest
Aim: an orc priest, wielding a war axe and wearing a chain mail (almost dead)
The magic dart hits the orc priest.
The orc priest is almost dead.
The orc priest mumbles some strange prayers to Beogh against you.
Beogh smites you!
You die...

##.......## # #†# #
##......<).## #.# #.
........[[..# ##.# #
............# #..# #
............# #..# ..
............# #..# ....
............# #)## ....
...........## #o# ..e.
..........)#####@# ....
.................###
...e
.........##.......##
.........###.......###
........####.........##
......# #...........##
.....# ##............##
### .###
#..............#....
#...................


You could see an orc priest.

Vanquished Creatures
  An ogre (D:4)
  Dowan (D:4)
  2 worker ants (D:4)
  An orc wizard (D:4)
  4 adders
  A shadow imp (D:3)
  An ooze (D:1)
  2 worms
  2 dart slugs
  3 leopard geckos
  10 orcs
  8 bats
  8 giant cockroaches
  2 goblins (D:1)
  9 hobgoblins
  4 jackals
  10 kobolds
  2 quokkas
  5 frilled lizards
  7 rats
83 creatures vanquished.

Notes
Turn   | Place    | Note
-------+----------+-------------------------------------------
     0 | D:1      | motku112 the Draconian Conjurer began the quest for the Orb.
     0 | D:1      | Reached XP level 1. HP: 14/14 MP: 3/3
   684 | D:1      | Reached XP level 2. HP: 20/20 MP: 0/5
  1374 | D:1      | Reached XP level 3. HP: 26/26 MP: 6/6
  1628 | D:1      | Learned a level 2 spell: Searing Ray
  2074 | D:2      | Reached skill level 5 in Conjurations
  2074 | D:2      | Reached XP level 4. HP: 33/33 MP: 2/8
  2803 | D:3      | Found a blossoming altar of Fedhas.
  3242 | D:4      | Reached XP level 5. HP: 21/38 MP: 1/10
  3488 | D:4      | Noticed an ogre
  3594 | D:4      | Noticed Dowan
  3595 | D:4      | Noticed Duvessa
  3972 | D:4      | Killed Dowan
  3972 | D:4      | Reached skill level 6 in Conjurations
  4196 | D:4      | Killed an ogre
  4196 | D:4      | Reached XP level 6. HP: 38/45 MP: 3/12
  4342 | D:4      | Killed from afar by an orc priest

Vault maps used:
D:1:      roderic_lyre, st_stairs_4
D:3:      fedhas_altar_2
D:4:      serial_bayou_pond_b, uniq_duvessa

Skill      XL: |  1  2  3  4  5 |
---------------+----------------+-----
Spellcasting   | 3 4 |  4.0
Conjurations   | 5 6 |  6.6
Dodging        | |  1.7
Stealth        | |  1.7

Action                   |  1- 3 |  4- 6 || total
-------------------------+-------+-------++-------
Melee: Short sword       |    56 |   106 ||   162
       Tailslap          |     5 |    15 ||    20
 Cast: Magic Dart        |    73 |    39 ||   112
       Searing Ray       |     1 |    13 ||    14
 Stab: Sleeping          |     1 |     2 ||     3
  Eat: Chunk             |     5 |     5 ||    10
       Royal jelly       |       |     1 ||     1
Armor: Skin              |    28 |    24 ||    52
Dodge: Dodged            |    59 |    94 ||   153
